 Dungeon Crawl Stone Soup version 0.31-a0-841-g038b102fc3 (webtiles) character file.

Game seed: 10037311117123039480

116 Shayle the Trooper (level 4, -14/35 HPs)
             Began as a Demonspawn Reaver on Sept 27, 2023.
             Demolished by Menkaure (20 damage)
             ... on level 4 of the Dungeon.
             The game lasted 00:07:25 (2954 turns).

Shayle the Trooper (Demonspawn Reaver)              Turns: 2954, Time: 00:07:25

Health: -14/35     AC: 10    Str: 13    XL:     4   Next: 69%
Magic:  8/8        EV: 11    Int: 16    God:
Gold:   320        SH:  0    Dex: 11    Spells: 5/9 levels left

rFire   . . .        s - +2 dagger (elec)
rCold   . . .        (no shield)
rNeg    . . .        b - +0 leather armour
rPois   .            n - +1 helmet
rElec   .            (no cloak)
rCorr   .            (no gloves)
SInv    .            i - +0 pair of boots
Will    .....        e - amulet of the acrobat
Stlth   +            l - +4 ring of protection
HPRegen 0.25/turn    (no ring)
MPRegen 0.11/turn

%: acrobat
@: no status effects
A: ignite blood 2
a: no special abilities


You were on level 4 of the Dungeon.
You visited 1 branch of the dungeon, and saw 4 of its levels.

You collected 320 gold pieces.

Inventory:

Hand Weapons
 a - a +0 spear
 d - a +2 heavy dagger
 s - a +2 dagger of electrocution (weapon)
Missiles
 g - 6 silver javelins
Armour
 b - a +0 leather armour (worn)
 i - a +0 pair of boots (worn)
 n - a +1 helmet (worn)
Jewellery
 e - an amulet of the acrobat (around neck)
 j - a ring of see invisible
 l - a +4 ring of protection (left hand)
Talismans
 h - a serpent talisman
Scrolls
 c - 2 scrolls of vulnerability
 m - a scroll of fear {unknown}
 o - a scroll of revelation
Potions
 f - a potion of degeneration
 k - 2 potions of mutation
 p - a potion of cancellation
 q - a potion of magic
 r - a potion of resistance


   Skills:
 + Level 3.3 Fighting
 - Level 2.6 Polearms
 - Level 1.7 Dodging
 + Level 3.1 Spellcasting
 - Level 3.0 Conjurations
 + Level 2.5 Necromancy


You had 5 spell levels left.
You knew the following spells:

 Your Spells              Type           Power      Damage    Failure   Level
a - Kiss of Death         Conj/Necr      44%        2d8       8%          1
b - Vampiric Draining     Necr           10%        2d6       26%         3

Your spell library contained the following spells:

 Spells                   Type           Power      Damage    Failure   Level
 Momentum Strike          Conj/Tloc      14%        3d8       19%         2
 Slow                     Hex            8%         N/A       24%         1
 Sting                    Tmut/Pois      8%         1d3       24%         1
 Poisonous Vapours        Pois/Air       4%         N/A       34%         2
 Hailstorm                Conj/Ice       7%         3d4       36%         3
 Confusing Touch          Hex            2%         N/A       56%         3
 Sigil of Binding         Hex            2%         N/A       56%         3
 Olgreb's Toxic Radiance  Pois           2%         N/A       93%         4


Dungeon Overview and Level Annotations

Branches:
Dungeon (4/15)
 Temple: D:4-7

Altars:
Dithmenos
Trog

Shops:
D:3 :

Annotations:
D:2 1 runed translucent door, Crazy Yiuf
D:4 Menkaure


Innate Abilities, Weirdness & Mutations

Your demonic aura often causes spilled blood to erupt in flames.


Message History

Found a robe.
Found a bloodstained altar of Trog.
Menkaure, Prince of Dust comes into view.
You see here a +0 robe.
Menkaure shouts!
Menkaure grins.
Menkaure mumbles some strange words.
Menkaure seems to speed up.
Menkaure points at you and mumbles some strange words.
Pain shoots through your body!
You hit Menkaure.
Menkaure is lightly damaged.
Menkaure barely misses you.
You hit Menkaure but do no damage.
Menkaure is lightly damaged.
Menkaure hits you but does no damage.
You hit Menkaure.
Menkaure is moderately damaged.
Menkaure hits you!!
Ouch! That really hurt!
* * * LOW HITPOINT WARNING * * *
You hit Menkaure.
Menkaure is heavily damaged.
Menkaure closely misses you.
Okay, then.
Okay, then.
Okay, then.
You hit Menkaure but do no damage.
Menkaure is heavily damaged.
Menkaure calls on the powers of darkness!
Your body is wracked with pain!
* * * LOW HITPOINT WARNING * * *
Menkaure closely misses you.
Unknown command.
Okay, then.
You hit Menkaure.
Menkaure is heavily damaged.
Menkaure hits you!!
Ouch! That really hurt!
You die...

..................#
.###...##....[....#
.....####.........#
###### ###.#####.#
..§......#
§≈≈§§≈.≈[.#
.≈.......≈..#
.≈.≈≈.≈≈.≈.##
.≈.≈.!.≈.≈@#
§._.≈.≈M# ≈...≈.≈.#
≈≈≈≈≈§§§# .....§§§#
§§§≈≈≈≈.# ........#
...######


You could see Menkaure (fast).

Vanquished Creatures
  Robin (D:1)
  2 adders
  A worm (D:2)
  9 ball pythons
  5 bats
  6 endoplasms
  4 giant cockroaches
  18 goblins
  7 hobgoblins
  8 kobolds
  6 quokkas
  6 frilled lizards
  8 rats
81 creatures vanquished.

Notes
Turn   | Place    | Note
-------+----------+-------------------------------------------
     0 | D:1      | Shayle the Demonspawn Reaver began the quest for the Orb.
     0 | D:1      | Reached XP level 1. HP: 16/16 MP: 3/3
    97 | D:1      | Gained mutation: Your demonic aura sometimes causes spilled
                  | blood to erupt in flames. [demonic ancestry]
    97 | D:1      | Reached XP level 2. HP: 18/22 MP: 5/5
   111 | D:1      | Reached skill level 1 in Necromancy
   502 | D:1      | Found a faded altar of an unknown god.
   534 | D:1      | Reached XP level 3. HP: 20/28 MP: 6/6
  1334 | D:2      | Noticed Robin
  1469 | D:1      | Gained mutation: Your demonic aura often causes spilled
                  | blood to erupt in flames. [demonic ancestry]
  1469 | D:1      | Reached XP level 4. HP: 33/35 MP: 8/8
  1783 | D:1      | Killed Robin
  1838 | D:2      | Learned a level 3 spell: Vampiric Draining
  2123 | D:2      | Found a runed translucent door.
  2124 | D:2      | Noticed Crazy Yiuf
  2253 | D:3      | Found Jickaz's Book Shoppe.
  2552 | D:3      | Found a shadowy altar of Dithmenos.
  2945 | D:4      | Found a bloodstained altar of Trog.
  2946 | D:4      | Noticed Menkaure
  2954 | D:4      | Demolished by Menkaure

Illustrated notes

Levels and vault maps discovered:
D:1:      dpeg_arrival_round_a, layout_rooms, shapermc_ecumenical_altar_gd,
          minmay_vboxes
D:2:      kennysheep_six_static_rooms, layout_loops_ring, minmay_bisected,
          uniq_crazy_yiuf_cottage, uniq_robin
D:3:      layout_loops_cross, mainiacjoe_overflow_brackets, serial_shops,
          nicolae_shop_tiny_waterfront, kennysheep_generic_room_13
D:4:      layout_rooms, mainiacjoe_overflow_concentric_impassable,
          minmay_temple_entry_waves, serial_aquarium, aquarium_bridge_straight
          [aquarium_subvault_bridge, aquarium_subvault_wall,
          aquarium_subvault_bridge, aquarium_subvault_balcony],
          aquarium_bridge_long_joined [aquarium_subvault_wall,
          aquarium_subvault_balcony, aquarium_subvault_bridge,
          aquarium_subvault_bridge, aquarium_subvault_window,
          aquarium_subvault_bridge], aquarium_window_corner,
          aquarium_window_fake, aquarium_window_corner, aquarium_window_1,
          aquarium_view_2e, aquarium_view_2d, aquarium_balcony_1b, uniq_menkaure

Skill      XL: |  1  2  3  4 |
---------------+-------------+-----
Necromancy     | 1 2 |  2.5
Fighting       | 3 |  3.3
Spellcasting   | 3 |  3.1
Polearms       | |  2.6
Dodging        | |  1.7
Conjurations   | |  3.0

Action                     |  1- 3 |  4- 6 || total
---------------------------+-------+-------++-------
  Melee: Spear             |    51 |       ||    51
         Dagger            |   175 |   106 ||   281
    Use: Scroll            |     2 |     8 ||    10
 Armour: Leather armour    |   128 |    66 ||   194
  Dodge: Dodged            |   141 |    68 ||   209

Table legend: (Time is in decaauts)
 A = Elapsed time spent in this place.
 B = Non-inter-level travel time spent in this place.
 C = Inter-level travel time spent in this place.
 D = Time resting spent in this place.
 E = Time spent auto-exploring this place.
 F = Levels seen in this place.
 G = Mean time per level.
                   A        B        C        D        E       F      G
               +--------+--------+--------+--------+--------+-----+--------+
         Total |   2971 |   2857 |    114 |    380 |   1535 |   4 |  742.8 |
       Dungeon |   2971 |   2857 |    114 |    380 |   1535 |   4 |  742.8 |
               +--------+--------+--------+--------+--------+-----+--------+

Top non-repeatable levels by time:
     D:1: 1184 daAuts
     D:2: 970 daAuts
     D:3: 711 daAuts
     D:4: 104 daAuts
